[Event "*** Titled Tuesday 3|2 Blitz (Early)"]
[Site "Chess.com"]
[Date "2016.12.06"]
[Round "2"]
[White "joppie2"]
[Black "Schemato"]
[Result "1-0"]
[WhiteElo "2538"]
[BlackElo "2284"]
[TimeControl "180+2"]
[EndTime "11:16:52 PST"]
[Termination "joppie2 won by resignation"]

1. e4 e6 2. d4 d5 3. Nc3 Nf6 4.
Bg5 Bb4 5. e5 h6 6. Bc1 Ne4 7. Qg4 g6 8. a3 Bxc3+ 9. bxc3 Nc6 10. Ne2 Bd7 11. f3 Ng5 12. h4 Nh7 13. Bxh6 Qe7 14.
a4 Na5 15. Bc1 Nc4 16. Nf4 O-O-O 17. Bxc4 dxc4 18. Ba3 Qe8 19. a5 a6 20. Nh3 Bc6 21. Qf4 Qd7 22. Kf2 Rdg8 23. Ng5 Nxg5 24. hxg5 Qe8 25.
Qf6 Bd5 26. Rh6 Rxh6 27. gxh6 Rh8 28. Rh1 Rh7 29. Qg7 Qh8 30. Qxh8+ Rxh8 31. h7 Kd7 32.
Bc1 Ke8 33. Bg5 1-0

[Event "*** Titled Tuesday 3|2 Blitz (Early)"]
[Site "Chess.com"]
[Date "2016.12.06"]
[Round "2"]
[White "Jungle_Jaguar"]
[Black "Kawhi_Leonard2"]
[Result "1-0"]
[WhiteElo "2407"]
[BlackElo "2223"]
[TimeControl "180+2"]
[EndTime "11:16:57 PST"]
[Termination "Jungle_Jaguar won by resignation"]

1. c4 Nf6 2. Nc3 c5 3. g3 d5 4. cxd5 Nxd5 5. Bg2 Nc7 6. Nf3 Nc6 7. O-O e5 8. d3 Be7 9. Be3 O-O 10. Rc1 f6 11. Nd2 Bd7 12. Nd5 b6 13. b4 Nxb4 14.
Nxc7 Qxc7 15. Bxa8 Rxa8 16. Qb3+ Kh8 17. Qxb4 Bh3 18. Rfe1 1-0

[Event "*** Titled Tuesday 3|2 Blitz (Early)"]
[Site "Chess.com"]
[Date "2016.12.06"]
[Round "2"]
[White "LawrenceTrent"]
[Black "RamonManon0g"]
[Result "1-0"]
[WhiteElo "2437"]
[BlackElo "2293"]
[TimeControl "180+2"]
[EndTime "11:17:02 PST"]
[Termination "LawrenceTrent won by resignation"]

1. e4 c5 2. Nc3 Nc6 3. Nf3 d6 4. Bb5 e5 5. O-O Nf6 6. d3 Be7 7. Nd2 O-O 8. Bxc6 bxc6 9. f4 exf4 10. Rxf4 d5 11. h3 Bd6 12. Rf1 Bc7 13. Nb3 dxe4 14. Bg5 Qd6 15. Bf4 Qe7 16. Bxc7 Qxc7 17. Rxf6 gxf6 18.
Nxe4 Qf4 19. Qh5 Qf5 20. Qh6 Qg6 21. Nxf6+ Kh8 22. Qxf8+ 1-0

[Event "*** Titled Tuesday 3|2 Blitz (Early)"]
[Site "Chess.com"]
[Date "2016.12.06"]
[Round "2"]
[White "Grootneus"]
[Black "stefanodinn"]
[Result "0-1"]
[WhiteElo "2079"]
[BlackElo "2193"]
[TimeControl "180+2"]
[EndTime "11:17:03 PST"]
[Termination "stefanodinn won by resignation"]

1. e4 c5 2. b4 cxb4 3. a3 d5 4.
exd5 Qxd5 5. Nf3 e5 6. axb4 Bxb4 7. c3 Bd6 8. Na3 Nf6 9. Bc4 Qe4+ 10. Qe2 Qxe2+ 11. Bxe2 Nc6 12. Nb5 Bb8 13. Ba3 a6 14.
Nd6+ Bxd6 15. Bxd6 Bg4 16. Nxe5 Bxe2 17. Kxe2 O-O-O 18. Nxc6 Rxd6 19. Nd4 Re8+ 20. Kf3 Ne4 21. Ra2 Rf6+ 22.
Kg4 Nxf2+ 0-1

[Event "*** Titled Tuesday 3|2 Blitz (Early)"]
[Site "Chess.com"]
[Date "2016.12.06"]
[Round "2"]
[White "NewBornNow"]
[Black "ZivkovicN"]
[Result "1-0"]
[WhiteElo "2582"]
[BlackElo "2422"]
[TimeControl "180+2"]
[EndTime "11:17:28 PST"]
[Termination "NewBornNow won by resignation"]

1. e4 c5 2. Nf3 d6 3. d4 cxd4 4.
Nxd4 Nf6 5. Nc3 a6 6. Be2 e5 7.
Nb3 Be7 8. Be3 O-O 9. g4 Be6 10.
g5 Nfd7 11. h4 b5 12. Qd2 Nb6 13. O-O-O N8d7 14. f4 exf4 15. Bxf4 Ne5 16. h5 Nbc4 17. Bxc4 Nxc4 18. Qg2 b4 19. Nd5 Bxd5 20. exd5 Re8 21. Nd4 Qa5 22. Kb1 Bf8 23. g6 Ne3 24. gxf7+ Kxf7 25.
Bxe3 1-0

[Event "*** Titled Tuesday 3|2 Blitz (Early)"]
[Site "Chess.com"]
[Date "2016.12.06"]
[Round "2"]
[White "Wilsonpalencia"]
[Black "bugsbunny444"]
[Result "1-0"]
[WhiteElo "2364"]
[BlackElo "2402"]
[TimeControl "180+2"]
[EndTime "11:18:10 PST"]
[Termination "Wilsonpalencia won by resignation"]

1. e4 e6 2. d4 d5 3. Nd2 h6 4.
c3 c5 5. dxc5 Bxc5 6. exd5 exd5 7. Nb3 Bb6 8. a4 Nc6 9. Nf3 Nf6 10. a5 Nxa5 11. Nxa5 Bxa5 12. Qa4+ Bd7 13. Qxa5 Qe7+ 14. Be3 O-O 15. Bd3 Ng4 16. O-O b6 17. Qa3 Qf6 18. Bd4 Qf4 19. h3 Rfe8 20. hxg4 Bxg4 21. Nh2 1-0

[Event "*** Titled Tuesday 3|2 Blitz (Early)"]
[Site "Chess.com"]
[Date "2016.12.06"]
[Round "2"]
[White "akinov-akinseye"]
[Black "FearlessKing64"]
[Result "0-1"]
[WhiteElo "1860"]
[BlackElo "1974"]
[TimeControl "180+2"]
[EndTime "11:18:11 PST"]
[Termination "FearlessKing64 won by resignation"]

1. d4 Nf6 2. e3 g6 3. f4 Bg7 4. Nf3 O-O 5. Bd3 d6 6. O-O b6 7.
Nbd2 Bb7 8. c3 c5 9. Qe1 Nbd7 10. Qg3 Rc8 11. h3 Qc7 12. Ng5 e5 13. fxe5 dxe5 14. dxe5 Nxe5 15. Bc2 h6 16. Ngf3 Nxf3+ 17. Rxf3 Bxf3 18.
Qxc7 Rxc7 19. Nxf3 Re7 20. Kf2 Ne4+ 21. Bxe4 Rxe4 22.
Nd2 Re6 23. Nc4 f5 24. Bd2 Rfe8 25. Re1 h5 26. Bc1 Bh6 27. a4 f4 28. Kf3 g5 29.
Bd2 g4+ 30. hxg4 hxg4+ 31. Kxg4 fxe3 32. Bc1 e2 33. Kf3 Bxc1 0-1

[Event "*** Titled Tuesday 3|2 Blitz (Early)"]
[Site "Chess.com"]
[Date "2016.12.06"]
[Round "2"]
[White "vovkcoach"]
[Black "bilelou"]
[Result "1-0"]
[WhiteElo "2559"]
[BlackElo "2359"]
[TimeControl "180+2"]
[EndTime "11:18:12 PST"]
[Termination "vovkcoach won by resignation"]

1. d4 d5 2. c4 e6 3. Nf3 Nf6 4.
g3 Bb4+ 5. Bd2 Be7 6. Bg2 O-O 7. O-O Nbd7 8. Bf4 c6 9. Nc3 dxc4 10. e4 b5 11. d5 cxd5 12. exd5 exd5 13. Nxd5 Nxd5 14. Qxd5 Nb6 15. Qxd8 Rxd8 16. Ne5 Be6 17. Nc6 Bf6 18. Nxd8 Rxd8 19. Rad1 Rc8 20. Bb7 Rf8 21. Bd6 Rd8 22. Bc7 Rxd1 23. Rxd1 Na4 24. Be5 Kf8 25. Bxf6 gxf6 26.
Rd2 Ke7 27. Ba6 b4 28. Bxc4 Bxc4 29. b3 Bb5 30. bxa4 Bxa4 31. Rd5 b3 32. Ra5 1-0

[Event "*** Titled Tuesday 3|2 Blitz (Early)"]
[Site "Chess.com"]
[Date "2016.12.06"]
[Round "2"]
[White "yurisolo"]
[Black "avto24"]
[Result "0-1"]
[WhiteElo "2469"]
[BlackElo "2304"]
[TimeControl "180+2"]
[EndTime "11:18:17 PST"]
[Termination "avto24 won by resignation"]

1. e4 d5 2. exd5 Nf6 3. Nf3 Nxd5 4. d4 g6 5. c4 Nb6 6. h3 Bg7 7. Be3 O-O 8. Nc3 Nc6 9. Be2 e5 10. dxe5 Nxe5 11. O-O Nbxc4 12. Qxd8 Rxd8 13. Bg5 Re8 14. Nb5 Nxf3+ 15. Bxf3 Be5 16. b3 Nb6 17. Rae1 Bd7 18. Na3 c6 19. Re2 Bd6 20. Nc4 Nxc4 21. bxc4 Rxe2 22.
Bxe2 Re8 23. Rd1 Re6 24. c5 Bxc5 25. Bc4 Rd6 26. Rb1 b5 27. Be7 bxc4 28. Bxd6 Bxd6 29.
Rd1 c3 30. Kf1 c2 31. Rc1 Bf5 32. g4 Bd3+ 33. Ke1 Bf4 0-1

[Event "*** Titled Tuesday 3|2 Blitz (Early)"]
[Site "Chess.com"]
[Date "2016.12.06"]
[Round "2"]
[White "Peroncio"]
[Black "VladDobrov"]
[Result "1-0"]
[WhiteElo "2531"]
[BlackElo "2601"]
[TimeControl "180+2"]
[EndTime "11:18:22 PST"]
[Termination "Peroncio won by resignation"]

1. d4 Nf6 2. Bg5 e6 3. e4 h6 4. Bxf6 Qxf6 5. c3 d6 6. Bd3 g6 7. Ne2 e5 8. O-O Nc6 9. Bb5 a6 10. Bxc6+ bxc6 11. f4 exf4 12. Nxf4 Qe7 13. Nd2 Bg7 14.
Qb3 Qg5 15. Rf2 O-O 16. Raf1 Kh7 17. Qc4 Bd7 18. Qd3 f5 19. Rf3 Qe7 20. Nxg6 fxe4 21. Nxe4 Rxf3 22. Rxf3 Qe8 23. Nf6+ Bxf6 24. Nf8+ Kg7 25.
Qh7+ 1-0

[Event "*** Titled Tuesday 3|2 Blitz (Early)"]
[Site "Chess.com"]
[Date "2016.12.06"]
[Round "2"]
[White "Ar4uha"]
[Black "Keranke"]
[Result "0-1"]
[WhiteElo "2447"]
[BlackElo "2607"]
[TimeControl "180+2"]
[EndTime "11:18:49 PST"]
[Termination "Keranke won by resignation"]

1. e4 g6 2. d4 Bg7 3. Nc3 d6 4.
f4 a6 5. Nf3 b5 6. a3 Nd7 7. e5 c5 8. exd6 exd6 9. Be2 Ne7 10. O-O O-O 11. Re1 Bb7 12. Be3 Nf5 13. Bf2 Re8 14.
dxc5 Nxc5 15. Nd4 Ne3 16. Bxe3 Rxe3 17. Qd2 Qe7 18. Nf3 Re8 19. Bf1 Bxf3 20. Rxe3 Qxe3+ 21. Qxe3 Rxe3 22. gxf3 Bxc3 23. bxc3 Rxc3 24. Rd1 Rxf3 25.
Rxd6 Rxa3 26. f5 gxf5 27. Rd5 Rc3 28. Rxf5 Rxc2 29. Bg2 Ne6 30. Rd5 Rxg2+ 31. Kh1 Rg6 0-1

[Event "*** Titled Tuesday 3|2 Blitz (Early)"]
[Site "Chess.com"]
[Date "2016.12.06"]
[Round "2"]
[White "saraswathii"]
[Black "Wolverine_master"]
[Result "1-0"]
[WhiteElo "2191"]
[BlackElo "2028"]
[TimeControl "180+2"]
[EndTime "11:19:18 PST"]
[Termination "saraswathii won by checkmate"]

1. e4 d5 2. exd5 Qxd5 3. Nc3 Qd6 4. Nf3 Nf6 5. d4 a6 6. Be2 Nc6 7. O-O Bg4 8. Be3 O-O-O 9. Ng5 Be6 10. Nce4 Nxe4 11.
Nxe4 Qd5 12. Nc3 Qd7 13. Ne4 Nxd4 14. Nc5 Nxe2+ 15. Qxe2 Qc6 16. c4 g6 17. b4 Bg7 18.
b5 axb5 19. cxb5 Qe8 20. Rac1 Bd5 21. a4 e6 22. b6 c6 23. Bf4 e5 24. Bg3 f5 25. a5 g5 26. a6 bxa6 27. Qxa6+ Kb8 28. Qb7# 1-0

[Event "*** Titled Tuesday 3|2 Blitz (Early)"]
[Site "Chess.com"]
[Date "2016.12.06"]
[Round "2"]
[White "PowerThinking2650"]
[Black "Rating-Schmating"]
[Result "1-0"]
[WhiteElo "2134"]
[BlackElo "2216"]
[TimeControl "180+2"]
[EndTime "11:19:25 PST"]
[Termination "PowerThinking2650 won by resignation"]

1. e4 e6 2. d4 d5 3. exd5 exd5 4. Bf4 Bd6 5. Bg3 Nf6 6. Bd3 O-O 7. Nc3 c6 8. Nge2 Bg4 9. f3 Bh5 10. Qd2 Bg6 11.
O-O-O a5 12. Nf4 Qc7 13. Nxg6 fxg6 14. Bxd6 Qxd6 15. Rde1 Nbd7 16. Ne2 Rae8 17. Nf4 Nb6 18. g3 a4 19. a3 Nc4 20. Bxc4 dxc4 21. c3 Nd5 22.
Nxd5 cxd5 23. f4 Qf6 24. Re5 Rxe5 25. dxe5 Qc6 26. Qd4 Rd8 27. h4 Qe6 28. Rd1 h5 29. Qc5 Kh7 30. Qd4 Qg4 31. Qe3 Qf5 32. Rd4 Qe6 33. Qd2 Rd7 34. Kb1 Qf5+ 35. Ka2 Qe6 36. Qe3 Qc6 37. Rd2 Qe6 38. Qf3 Qc6 39. Rd4 Qe6 40.
Qd1 Qc6 41. g4 hxg4 42. Qxg4 Re7 43. h5 Qe6 44. hxg6+ Qxg6 45. Qh4+ Kg8 46. Qxe7 Qc2 47. Qe8+ Kh7 48. Qh5+ Kg8 49. Qd1 Qb3+ 50. Qxb3 axb3+ 51. Kb1 1-0

[Event "*** Titled Tuesday 3|2 Blitz (Early)"]
[Site "Chess.com"]
[Date "2016.12.06"]
[Round "2"]
[White "pedromartinez91"]
[Black "rubhani"]
[Result "1-0"]
[WhiteElo "2336"]
[BlackElo "2394"]
[TimeControl "180+2"]
[EndTime "11:19:37 PST"]
[Termination "pedromartinez91 won by resignation"]

1. e4 c5 2. Nf3 d6 3. Bb5+ Bd7 4.
Bxd7+ Nxd7 5. O-O Ngf6 6. Qe2 e6 7. c3 Be7 8. d4 cxd4 9. cxd4 d5 10. Nc3 dxe4 11.
Nxe4 O-O 12. Rd1 Qb6 13. Nc3 Rac8 14. d5 Nc5 15. dxe6 Nxe6 16. Be3 Bc5 17. Na4 Qb4 18. Nxc5 Nxc5 19. a3 Qe4 20. Rd4 Qe6 21. Rad1 Rfe8 22.
Qc4 Qf5 23. Rf4 Qh5 24. g4 Nxg4 25. Rxg4 Nd3 26. Qd4 Ne5 27. Nxe5 f5 28. Rg5 Qh3 1-0

[Event "*** Titled Tuesday 3|2 Blitz (Early)"]
[Site "Chess.com"]
[Date "2016.12.06"]
[Round "2"]
[White "Aguiar94"]
[Black "JohanSalomon"]
[Result "1-0"]
[WhiteElo "2354"]
[BlackElo "2389"]
[TimeControl "180+2"]
[EndTime "11:19:38 PST"]
[Termination "Aguiar94 won by resignation"]

1. e4 c5 2. Nf3 d6 3. d4 cxd4 4.
Nxd4 Nf6 5. Nc3 a6 6. Be3 e5 7.
Nb3 Be6 8. f3 h5 9. Qd2 Nbd7 10.
Nd5 Bxd5 11. exd5 g6 12. Na5 Qc7 13. c4 Bg7 14. Be2 O-O 15. O-O e4 16. Rac1 Rfe8 17. f4 Ng4 18. Bxg4 hxg4 19. b4 f5 20. c5 Nf6 21. c6 bxc6 22. Rxc6 Qd7 23. Nc4 Qf7 24.
Nxd6 Qxd5 25. Nxe8 Rxe8 26. Qc2 Qd3 27. Qxd3 exd3 28.
Bd4 Kf7 29. Rd1 Nd5 30. Bxg7 Kxg7 31. Rxd3 Nxf4 32. Rd7+ Kh6 33. g3 Nh3+ 34. Kf1 Re3 35. Rdd6 Rf3+ 36. Ke1 Re3+ 37. Kd2 Rf3 38. Rxg6+ Kh7 39.
Rgd6 1-0

[Event "*** Titled Tuesday 3|2 Blitz (Early)"]
[Site "Chess.com"]
[Date "2016.12.06"]
[Round "2"]
[White "Iball95"]
[Black "Harbuzi01"]
[Result "1/2-1/2"]
[WhiteElo "2481"]
[BlackElo "2691"]
[TimeControl "180+2"]
[EndTime "11:19:46 PST"]
[Termination "Game drawn by repetition"]

1. e4 e5 2. Nf3 Nc6 3. Nc3 Nf6 4.
Bb5 Be7 5. Bxc6 dxc6 6. Nxe5 Nxe4 7. Nxe4 Qd5 8. O-O Qxe5 9. Re1 Be6 10. d4 Qa5 11. Bd2 Qb6 12. Ng5 Bxg5 13. Bxg5 O-O 14. b3 Rfe8 15. c3 c5 16. Be3 cxd4 17. Bxd4 c5 18. Be3 Qc6 19. Qh5 b6 20. Rad1 Rad8 21. Qg5 f6 22. Qg3 Rd5 23. c4 Rd7 24. h3 Red8 25.
Rxd7 Qxd7 26. Bf4 Bf7 27. Qf3 Qd3 28. Qxd3 Rxd3 29. Re7 g5 30. Bb8 a5 31. Rb7 Rd1+ 32.
Kh2 Rd2 33. f3 Rxa2 34. Rxb6 a4 35. bxa4 Rxa4 36. Rxf6 Rxc4 37. Rf5 h6 38. Ba7 Kg7 39. Rxc5 Rxc5 40. Bxc5 Kg6 41. Kg3 Be6 42. h4 Bd5 43. Kg4 Be6+ 44. Kg3 Bd5 45. Be3 Be6 46. Bf2 Bd5 47.
Kh2 Be6 48. Kg1 Bd5 49. Bg3 Kh5 50. hxg5 hxg5 51. Be5 g4 52. f4 Kg6 53. Kf2 Kf5 54.
g3 Bc6 55. Ba1 Bd5 56. Be5 Bc6 57. Ba1 Bd5 58. Be5 1/2-1/2

[Event "*** Titled Tuesday 3|2 Blitz (Early)"]
[Site "Chess.com"]
[Date "2016.12.06"]
[Round "2"]
[White "SidArun"]
[Black "alturas_pacificas"]
[Result "0-1"]
[WhiteElo "2079"]
[BlackElo "2165"]
[TimeControl "180+2"]
[EndTime "11:19:47 PST"]
[Termination "alturas_pacificas won by resignation"]

1. e4 e5 2. f4 Bc5 3. Nf3 d6 4. Nc3 Nf6 5. d4 exd4 6. Nxd4 O-O 7. Be3 Re8 8. Bd3 Bxd4 9. Bxd4 Nxe4 10. Nxe4 Bf5 11. O-O Bxe4 12. Qg4 f6 13. Rfe1 d5 14.
Bxe4 dxe4 15. c3 Nc6 16. Rad1 Qe7 17. Qf5 Rad8 18. Qb5 Nxd4 19. cxd4 c6 20. Qc4+ Qe6 21.
Qc2 f5 22. b3 Rd5 23. Rd2 Qd6 24. Qc3 Qxf4 25. Rf1 Qd6 26. Rdf2 g6 27. g4 e3 28.
Rf3 e2 29. Re1 fxg4 30. Re3 Rxe3 31. Qxe3 Rxd4 32. Rxe2 Rd1+ 33. Kg2 Qd5+ 34. Kg3 Rd3 0-1

[Event "*** Titled Tuesday 3|2 Blitz (Early)"]
[Site "Chess.com"]
[Date "2016.12.06"]
[Round "2"]
[White "biostatistician"]
[Black "jup1978"]
[Result "1-0"]
[WhiteElo "2464"]
[BlackElo "2245"]
[TimeControl "180+2"]
[EndTime "11:19:57 PST"]
[Termination "biostatistician won by resignation"]

1. d4 e6 2. Nf3 Nf6 3. c4 Bb4+ 4.
Nbd2 b6 5. a3 Bxd2+ 6. Bxd2 Bb7 7.
Bg5 d6 8. Nd2 Nbd7 9. f3 h6 10.
Bh4 e5 11. d5 a5 12. b4 axb4 13. axb4 Rxa1 14. Qxa1 Qa8 15. Qxa8+ Bxa8 16. e4 Bb7 17. Bd3 Ke7 18. Ke2 Ra8 19. Rb1 g5 20. Bf2 Nh5 21. g3 Bc8 22. Kd1 Ra3 23. Kc2 Ng7 24. Nb3 Ra2+ 25.
Rb2 Rxb2+ 26. Kxb2 Nf8 27. c5 bxc5 28. bxc5 f5 29.
Kc3 fxe4 30. fxe4 Nd7 31. Kb4 Nh5 32. Na5 dxc5+ 33. Bxc5+ Nxc5 34. Kxc5 Bd7 35. Nc4 Kf6 36.
Ne3 Ke7 37. Nc4 Kf6 38. Be2 Ng7 39. Ne3 h5 40. Bb5 Bxb5 41. Kxb5 Ne8 42. Nc4 Ke7 43. Kc6 Nf6 44. Kxc7 Nxe4 45. d6+ Nxd6 46. Nxd6 Ke6 47. Kc6 e4 48. Nxe4 Kf5 49. Nf2 h4 50. Kd5 hxg3 51. hxg3 Kf6 52. Ke4 Ke6 53. Ng4 1-0

[Event "*** Titled Tuesday 3|2 Blitz (Early)"]
[Site "Chess.com"]
[Date "2016.12.06"]
[Round "2"]
[White "maciek_92"]
[Black "jcibarra"]
[Result "1-0"]
[WhiteElo "2511"]
[BlackElo "2638"]
[TimeControl "180+2"]
[EndTime "11:20:01 PST"]
[Termination "maciek_92 won by resignation"]

1. c4 e5 2. Nc3 Nc6 3. g3 Bc5 4.
Bg2 d6 5. e3 a6 6. Nge2 Ba7 7.
d4 exd4 8. Nxd4 Nge7 9. Nxc6 Nxc6 10. O-O O-O 11. b3 Ne5 12. h3 Rb8 13. a4 Re8 14.
Kh2 Bc5 15. a5 Bf5 16. e4 Bd7 17. f4 Nc6 18. Ne2 f5 19. exf5 Bxf5 20. Bb2 Qd7 21. Nc3 Kh8 22. g4 Be6 23. Nd5 Nb4 24. f5 Bf7 25. Nxb4 Bxb4 26. Qd4 Rg8 27. g5 d5 28. g6 Qd6+ 29. Kh1 Bxg6 30. fxg6 Qxg6 31. Bxd5 Qg3 32. Rf3 Qg6 33. Rg1 Qh6 34. Bxg8 1-0

[Event "*** Titled Tuesday 3|2 Blitz (Early)"]
[Site "Chess.com"]
[Date "2016.12.06"]
[Round "2"]
[White "calemcc"]
[Black "Saitama_Hero"]
[Result "0-1"]
[WhiteElo "2124"]
[BlackElo "2142"]
[TimeControl "180+2"]
[EndTime "11:20:09 PST"]
[Termination "Saitama_Hero won by resignation"]

1. d4 f5 2. c4 Nf6 3. Nf3 e6 4. g3 d5 5. Bg2 c6 6. b3 Bd6 7. O-O Qe7 8. Bb2 O-O 9. Qc1 a5 10.
Ba3 a4 11. Ne5 Nbd7 12. f4 c5 13. e3 cxd4 14. exd4 Ne4 15. Bxd6 Qxd6 16. Nc3 Nxe5 17.
dxe5 Qc5+ 18. Kh1 Nf2+ 19. Rxf2 Qxf2 20. cxd5 axb3 21. axb3 Rxa1 22. Qxa1 Bd7 23. Qd1 Rc8 24. dxe6 Bxe6 25. Bd5 Bxd5+ 26. Nxd5 Kf7 27. Nb4 Rd8 28. Qc1 Qe2 29. Kg1 Rd1+ 30. Qxd1 Qxd1+ 31. Kf2 Qd2+ 32. Kg1 Qxb4 33. Kg2 Qxb3 0-1

[Event "*** Titled Tuesday 3|2 Blitz (Early)"]
[Site "Chess.com"]
[Date "2016.12.06"]
[Round "2"]
[White "RitvarsReimanis"]
[Black "Gabrielian_Artur"]
[Result "0-1"]
[WhiteElo "2412"]
[BlackElo "2579"]
[TimeControl "180+2"]
[EndTime "11:20:13 PST"]
[Termination "Gabrielian_Artur won by resignation"]

1. d4 Nf6 2. c4 c5 3. d5 e6 4. Nc3 exd5 5. cxd5 d6 6. h3 g6 7. Nf3 Bg7 8. e4 O-O 9. Bd3 b5 10. O-O b4 11. Ne2 Ba6 12. Bxa6 Nxa6 13. Qd3 Qc8 14. Qc4 Re8 15. Ng3 Nd7 16. a3 Nb6 17. Qb5 Nc7 18. Qc6 Qd7 19. Qxd7 Nxd7 20. axb4 cxb4 21. Ra4 a5 22.
Bf4 Nc5 23. Raa1 Nb5 24. Rab1 Nxe4 25. Rfc1 Nxg3 26. Bxg3 a4 27. Rc4 a3 28. Rxb4 axb2 29.
R1xb2 Bxb2 30. Rxb5 Ba3 31. Rb6 Bc5 32. Rc6 Ra1+ 33.
Kh2 Rd1 34. Bxd6 Bxf2 35. Ne5 Bg1+ 36. Kh1 Bc5+ 37. Kh2 Bxd6 0-1

[Event "*** Titled Tuesday 3|2 Blitz (Early)"]
[Site "Chess.com"]
[Date "2016.12.06"]
[Round "2"]
[White "norwaytoadog"]
[Black "Ind1anStar"]
[Result "0-1"]
[WhiteElo "1938"]
[BlackElo "2149"]
[TimeControl "180+2"]
[EndTime "11:20:13 PST"]
[Termination "Ind1anStar won by resignation"]

1. e4 e6 2. d4 d5 3. e5 c5 4. c3 Nc6 5. Nf3 Bd7 6. a3 Nge7 7. Bd3 cxd4 8. cxd4 Qb6 9. Be3 Qxb2 10. Nbd2 Qb6 11. O-O Ng6 12. Rb1 Qc7 13. h4 Bxa3 14.
h5 Nf8 15. h6 gxh6 16. Bxh6 Ng6 17. Rb3 Be7 18. Bb1 a5 19. Bg7 Rg8 20. Bf6 Bxf6 21.
exf6 Nb4 22. Ra3 Qf4 23. Qb3 Nc6 24. Qxb7 Rb8 25. Qa6 Qg4 26. Ne1 Nxd4 27. Rg3 Ne2+ 28. Kh2 Nxg3 29. fxg3 Qh5+ 30. Kg1 Qg5 31. Nef3 Qxg3 32.
Qxa5 Nf4 33. Ne1 Ne2+ 0-1

[Event "*** Titled Tuesday 3|2 Blitz (Early)"]
[Site "Chess.com"]
[Date "2016.12.06"]
[Round "2"]
[White "BillieKimbah"]
[Black "SCIM"]
[Result "1-0"]
[WhiteElo "2587"]
[BlackElo "2268"]
[TimeControl "180+2"]
[EndTime "11:20:14 PST"]
[Termination "BillieKimbah won by resignation"]

1. Nf3 Nf6 2. g3 c5 3. Bg2 Nc6 4. c4 d5 5. cxd5 Nxd5 6. Nc3 g6 7. Ng5 e6 8. d3 Bg7 9. Nge4 O-O 10. h4 f5 11. Nxc5 Nxc3 12. bxc3 Qa5 13. Nb3 Qxc3+ 14. Bd2 Qf6 15. Rc1 e5 16. O-O f4 17.
Nc5 Bg4 18. Ne4 Qe7 19. Qb3+ Kh8 20. Rxc6 bxc6 21. Bb4 Qd8 22. Bxf8 Qxf8 23. Qc2 Rd8 24. Rb1 Qf7 25. Ng5 Qe7 26. Qxc6 Bxe2 27. Rb7 Qe8 28. Nf7+ Kg8 29. Nxd8 Qxd8 30. Qe6+ Kh8 31. Rxg7 1-0

[Event "*** Titled Tuesday 3|2 Blitz (Early)"]
[Site "Chess.com"]
[Date "2016.12.06"]
[Round "2"]
[White "DanielNaroditsky"]
[Black "nihalsarin"]
[Result "1-0"]
[WhiteElo "2696"]
[BlackElo "2481"]
[TimeControl "180+2"]
[EndTime "11:20:20 PST"]
[Termination "DanielNaroditsky won by resignation"]

1. d4 Nf6 2. Bf4 e6 3. e3 b6 4. Nf3 Bb7 5. Bd3 d6 6. h3 Nbd7 7. O-O g6 8. Nbd2 Bg7 9. Bh2 O-O 10. e4 Qe7 11. Qe2 a6 12. e5 dxe5 13. dxe5 Nd5 14. a3 b5 15. c4 bxc4 16. Nxc4 Nc5 17. Bc2 a5 18. Nd4 a4 19. Rac1 Rfb8 20. Bb1 Qe8 21. Rfd1 Ba6 22. Qc2 Bf8 23. Na5 Rb6 24. Ba2 Rab8 25.
Rb1 h5 26. Bg3 Be7 27. Bxd5 exd5 28. e6 Nxe6 29. Ndc6 Ra8 30. Rxd5 Bb7 31. Nxe7+ Qxe7 32. Nxb7 Rxb7 33. Rbd1 Rab8 34. Be5 Rb3 35. Qc4 Rxb2 36. Bxb2 Rxb2 37. Qxa4 Ra2 38. R5d3 Nc5 39. Re3 Qf6 40. Qe8+ Kh7 41. Rf3 1-0

[Event "*** Titled Tuesday 3|2 Blitz (Early)"]
[Site "Chess.com"]
[Date "2016.12.06"]
[Round "2"]
[White "AnimationDomination"]
[Black "BjarkeSahl"]
[Result "0-1"]
[WhiteElo "1802"]
[BlackElo "2158"]
[TimeControl "180+2"]
[EndTime "11:20:21 PST"]
[Termination "BjarkeSahl won by resignation"]

1. d4 d5 2. c4 e6 3. Nc3 Be7 4.
Nf3 Nf6 5. Bg5 O-O 6. e3 h6 7. Bh4 b6 8. cxd5 Nxd5 9. Bxe7 Qxe7 10. Nxd5 exd5 11. Bd3 Qb4+ 12. Qd2 Qxd2+ 13. Nxd2 Ba6 14. Bxa6 Nxa6 15. a3 c5 16. Nf3 Rac8 17. Kd2 c4 18. Rac1 Rfe8 19. Rc3 b5 20. Rhc1 Nc7 21. Ne5 Ne6 22.
f3 h5 23. R1c2 f6 24. Ng6 Kf7 25. Nh4 g6 26. g3 Ng5 27. Ke2 a5 28. Rc1 b4 29. axb4 axb4 30. R3c2 Ra8 31. Kf2 Ra2 32.
Ng2 Nh3+ 33. Kf1 Rea8 34. e4 b3 35. Re2 Ra1 36. Rce1 Rxe1+ 37. Nxe1 dxe4 38. fxe4 Ra2 39. Nf3 g5 40. e5 g4 41. e6+ Ke7 42. Ne1 c3 43.
bxc3 Rxe2 44. Kxe2 b2 0-1

[Event "*** Titled Tuesday 3|2 Blitz (Early)"]
[Site "Chess.com"]
[Date "2016.12.06"]
[Round "2"]
[White "Genghis_K"]
[Black "ftorodent"]
[Result "1-0"]
[WhiteElo "2683"]
[BlackElo "2484"]
[TimeControl "180+2"]
[EndTime "11:20:27 PST"]
[Termination "Genghis_K won by resignation"]

1. e4 e6 2. d4 d5 3. Nc3 Nf6 4. e5 Nfd7 5. f4 c5 6. Nf3 Be7 7. Be3 O-O 8. Qd2 Nc6 9. h4 f5 10. Ne2 cxd4 11. Nexd4 Nc5 12. Bd3 Ne4 13. Qd1 Bd7 14. c3 Nxd4 15. Bxd4 b5 16. a3 a5 17. h5 h6 18. O-O Ng3 19. Re1 Nxh5 20. Qd2 Ng3 21.
Qe3 Ne4 22. b4 axb4 23. axb4 Qc7 24. Bxe4 fxe4 25. Nd2 Rfb8 26. Nb3 Qc6 27. Bc5 Bd8 28. Nd4 Qb7 29. Qg3 Bc8 30. Qg6 Qf7 31. Qxf7+ Kxf7 32. Nxb5 Bd7 33. Nd6+ Kg8 34. Rxa8 Rxa8 35. b5 Be7 36. b6 Bc6 37. Rb1 Bxd6 38. exd6 Bb7 39. Bd4 Kf7 40. Rb5 g6 41. Rc5 Rc8 42. Rxc8 Bxc8 43. d7 1-0

[Event "*** Titled Tuesday 3|2 Blitz (Early)"]
[Site "Chess.com"]
[Date "2016.12.06"]
[Round "2"]
[White "LPSupi"]
[Black "Izoria123"]
[Result "1-0"]
[WhiteElo "2608"]
[BlackElo "2547"]
[TimeControl "180+2"]
[EndTime "11:20:27 PST"]
[Termination "LPSupi won by resignation"]

1. d4 d5 2. Nf3 e6 3. e3 c5 4. b3 Nc6 5. Bb2 cxd4 6. exd4 g6 7. Nbd2 Bg7 8. Bb5 Ne7 9. O-O O-O 10. Re1 a6 11. Bf1 b5 12. c4 bxc4 13. bxc4 Rb8 14.
Nb3 a5 15. Rb1 Ba6 16. cxd5 Bxf1 17. dxc6 Bb5 18. d5 Qxd5 19. Bxg7 Qxd1 20. Rexd1 Kxg7 21.
c7 Ra8 22. Nc5 Bc6 23. Ne5 Bd5 24. Ncd7 Rfc8 25. Nb6 Rxc7 26. Nxa8 Bxa8 27. Rd7 Rxd7 28. Nxd7 Bd5 29. a3 Nc6 30. Nb6 Be4 31. Rd1 Ne5 32. Re1 f5 33. f3 Nd3 34. Re3 1-0

[Event "*** Titled Tuesday 3|2 Blitz (Early)"]
[Site "Chess.com"]
[Date "2016.12.06"]
[Round "2"]
[White "Cecile_Haussernot"]
[Black "kleinebeer98"]
[Result "1-0"]
[WhiteElo "2271"]
[BlackElo "2481"]
[TimeControl "180+2"]
[EndTime "11:20:28 PST"]
[Termination "Cecile_Haussernot won by checkmate"]

1. e4 e5 2. Nf3 Nc6 3. d4 exd4 4.
Nxd4 Qf6 5. Nxc6 Bc5 6. Qf3 bxc6 7. Nc3 Rb8 8. Qg3 Ne7 9. Bd3 Ng6 10. O-O O-O 11. Kh1 d6 12. Bg5 Qd4 13. f4 f5 14.
Rad1 Qb4 15. a3 Qa5 16. Bc4+ Kh8 17. b4 Bxb4 18. axb4 Rxb4 19. Bb3 fxe4 20. Qe3 d5 21. Ne2 Bg4 22. f5 Bxf5 23. Nd4 Bd7 24. Rxf8+ Nxf8 25. Rf1 Rb8 26. Qf4 Ng6 27. Qf7 Qa6 28. c4 c5 29.
Qxd7 cxd4 30. Qxd5 h6 31. Bxh6 Rxb3 32. Qxd4 Kh7 33.
Qxg7# 1-0